Workbook
Name \0: #REF!
Name \0: #REF!
Name \b: #REF!
Name \b: #REF!
Name \c: #REF!
Name \d: #REF!
Name \d: #REF!
Name \e: #REF!
Name \g: #REF!
Name \g: #REF!
Name \i: #REF!
Name \i: #REF!
Name \m: #REF!
Name \m: #REF!
Name \n: #REF!
Name \n: #REF!
Name \PX: #REF!
Name \r: #REF!
Name \t: #REF!
Name \X: #N/A
Name \Z: #N/A
Name ____________________________________APU221: #REF!
Name ____________________________________APU221: #REF!
Name ____________________________________APU465: #REF!
Name ____________________________________PJ50: #REF!
Name ____________________________________PJ50: #REF!
Name ____________________________________pj51: #REF!
Name ____________________________________pj51: #REF!
Name __________________________________APU221: #REF!
Name __________________________________APU221: #REF!
Name __________________________________APU465: #REF!
Name __________________________________PJ50: #REF!
Name __________________________________PJ50: #REF!
Name __________________________________pj51: #REF!
Name __________________________________pj51: #REF!
Name _________________________________APU221: #REF!
Name _________________________________APU221: #REF!
Name _________________________________APU465: #REF!
Name _________________________________PJ50: #REF!
Name _________________________________PJ50: #REF!
Name _________________________________pj51: #REF!
Name _________________________________pj51: #REF!
Name ________________________________APU221: #REF!
Name ________________________________APU221: #REF!
Name ________________________________APU465: #REF!
Name ________________________________PJ50: #REF!
Name ________________________________PJ50: #REF!
Name ________________________________pj51: #REF!
Name ________________________________pj51: #REF!
Name _______________________________APU221: #REF!
Name _______________________________APU221: #REF!
Name _______________________________APU465: #REF!
Name _______________________________PJ50: #REF!
Name _______________________________PJ50: #REF!
Name _______________________________pj51: #REF!
Name _______________________________pj51: #REF!
Name _____________________________APU221: #REF!
Name _____________________________APU221: #REF!
Name _____________________________APU465: #REF!
Name _____________________________PJ50: #REF!

Sheet AIU OBRA
A3: DESGLOSE DEL A.I.U.
A5: Cálculo pormenorizado del factor Administración, Imprevistos y Utilidades. AIU
A7: No | B7: DESCRIPCIÓN | G7: PORCENTAJES % Y CANTIDADES ESTIMADAS | H7: UNIDAD | I7: PORCENTAJE % Y CANTIDAD REAL
I8: C. DIRECTO | J8: 8.986159e+08
I9: C.TOTAL | J9: 1.1412422e+09
A10: VALOR ADMINISTRACIÓN DE OBRA | K10: 5826620802
A11: 1 | B11: PERSONAL DE OBRA (incl. Prestaciones) | C11: DURACION | D11: CANTIDAD | E11: FACTOR PRESTACIONAL | F11: VALOR UNITARIO | G11: DEDICACION | I11: 0.0249 | J11: $
A12: 1.01 | B12: Director de Obra | C12: 5 | D12: 1 | E12: 1.6697 | F12: $ | G12: 0.05 | H12: % | I12: 0.0033817051 | J12: $ | K12: 15152528
A13: 1.02 | B13: Residente de Obra | C13: 5 | D13: 1 | E13: 1.6697 | F13: $ | G13: 1 | H13: % | I13: 0.021518295 | J13: $ | K13: 34896730
A14: 2 | B14: GASTOS DE LEGALIZACION Y PERFECCIONAMIENTO | I14: 0.1651 | J14: $
A15: 2.1 | B15: Impuesto de Obra publica seguridad democratica | G15: 0.05 | H15: % | I15: 0.0635 | J15: $
A16: 2.2 | B16: Pólizas | G16: 0.01 | H16: % | I16: 0.0127 | J16: $
A17: 2.3 | B17: Estampillas | G17: 0.07 | H17: % | I17: 0.0889 | J17: $
B18: PORCENTAJE ADMINISTRACION | I18: 0.19 | J18: $ | L18: |
B20: VALOR IMPREVISTOS | I20: 0.03 | J20: $
B22: VALOR UTILIDAD | I22: 0.05 | J22: $
B24: TOTAL A.I.U. | I24: 0.27 | J24: $
A25: Nota:
A26: 1. Los ensayos de laboratorio son para llevar un mejor control y calidad de los materiales.
B29: NOMBRE Y FIRMA DEL REP. LEGAL Número de identificación

Sheet PRESUPUESTO
A3: FORMATO No. 11 PROPUESTA ECONOMICA
A4: Item | B4: Actividad | C4: Unidad | D4: Cantidad | E4: V/Unitario | F4: V/Total
A5: 1 | B5: MANTENIMIENTO GRAMA NATURAL
A6: 1.1 | B6: CAMBIO DE SUSTRATO DE SIEMBRA: Retiro y disposición final del sustrato de siembra existente , Incluye : suministro transporte e instalación de arena seleccionada de rio amarilla y/o arena de trituración para su correcta nivelación y lecho filtrante.Incluye Comision Topografica. | C6: M2 | D6: 7992
A7: 1.2 | B7: SUMINISTRO E INSTALACIÓN DE GRAMA NATURAL: Suministro e instalación de grama natural tipo bermuda 419 , en semilla tipo estolón y/o semilla, esta actividad incluye la recolección y disposición final de residuos vegetales. | C7: M2 | D7: 7992
A8: 1.3 | B8: AIREACIÓN: Consiste en realizar perforaciones equidistantes, con una profundidad de 10 cm y un diámetro de 1,8 cm, esta actividad debe realizarse con maquina aireadora. Incluye todo lo necesario para su correcta ejecución. Incluye disposición del material resultante o lo indicado por el apoyo a la supervisión y/o interventoría. | C8: m2 | D8: 7992
A9: 1.4 | B9: TOP DRESSING: Colocación de una película de arena con un espesor de 0,3 cm a 0,5 cm, se debe repartir homogéneamente hasta incorporar los huecos dejados por la aireación. Incluye tolva aplicadora, malla repartidora de arrastre en acero, steel drag mat con medidas mínimas de 1.80x1.80 m y todo lo necesario para su correcta ejecución. | C9: m3 | D9: 240
A10: 1.5 | B10: APLICACIÓN DE FUNGICIDAS: Aspersión mecánica o a motor o aéreo por medio de bomba de espalda o aparato aéreo no tripulado; esta actividad incluye insecticida y/o fungicida amigables con el medio ambiente certificados, diluido en agua de acuerdo con la dosificación recomendada por el proveedor o por la indicación del técnico agrónomo y avalado por el apoyo a la supervisión. | C10: m2 | D10: 7992
A11: 1.6 | B11: APLICACION DE FERTILIZANTE: Suministro y aplicación mecánica con maquina de abono químico, incluye fertilizantes (de 1 a 3 productos); la selección y dosificación puede variar de acuerdo con el análisis foliar y de suelos, o de acuerdo a las recomendaciones del técnico agrónomo (foliar o edáfica). | C11: m2 | D11: 7992
A12: 1.7 | B12: CORTE MECÁNICO DE GRAMA (durante tiempo de intervencion ) : La grama debe quedar con una altura uniforme de acuerdo con la directriz y supervisión técnica del agrónomo. Incluye maquinaria especializada de corte helicoidal, recolección y disposición final de residuos en los sitios autorizados. | C12: m2 | D12: 7992
A13: 1.8 | B13: DESMALEZADA: Retiro manual con ayuda de punzón y rastrillo metálico de especies invasoras o "malezas". Incluye recolección y botada de residuos vegetales. | C13: m2 | D13: 1200
A14: 1.9 | B14: Mantenimiento de sistema de riego , incluye suministro trasporte e instalacion motobomba CENTRIFUGA 7,5 HP y controlador de riego. | C14: und | D14: 1
A15: 1.10 | B15: Mantenimiento preventivo y rutinario incluye ( seguimiento profesional , agronomico , tratamiento con fertilizantes ,herbicidas ,insecticidas y fungicidas) | C15: MES | D15: 4
A16: 2 | B16: GRAMA SINTETICA
A17: 2.1 | B17: SUMINISTRO E INSTALACION DE GRAMA SINTETICA PAISAJISMO : suministro e instalacion de grama sintetica color verde altura 25 , mm .DTEX 7.000 ±100g , CERTIFICACION ASTM,DIN, Trace, SGS; PUNTADAS X M2 16.800 , certificacion proteccion UV , Peso Total 1.680 g/sqm ±100g,( camerinos) | C17: m2 | D17: 56
A18: 2.2 | B18: SUMINISTRO E INSTALACION DE GRAMA SINTETICA PAISAJISMO : suministro e instalacion de grama sintetica de COLORES ( amarillo -rojo,verde ), altura 20 mm DTEX 6.200 ±100g , CERTIFICACION ASTM,DIN, Trace, SGS; PUNTADAS X M2 16.800 , certificacion proteccion UV , Peso Total 1.508 g/sqm ±100g, .( transito camerinos) | C18: m2 | D18: 287
A19: 2.3 | B19: SUMINISTRO E INSTALACION DE GRAMA SINTETICA PAISAJISMO : Retiro y disposición final de la grama existente , suministro e instalacion de grama sintetica color verde de altura 30 mm DTEX 7.000 ±100g , CERTIFICACION ASTM,DIN, Trace, SGS; PUNTADAS X M2 16.800 , certificacion proteccion UV , Peso Total 1.776 g/sqm ±100g, .( bancos suplentes) | C19: m2 | D19: 80
A20: 2.4 | B20: SUMINISTRO E INSTALACION DE GRAMA SINTETICA: Retiro y disposición final de la grama existente, renivelacion del terreno, suministro e instalacion de grama sintetica MONOFILAMENTO , color Emeralda Oliva Bi-color ,altura 60 mm, DTEX 17.000 , CERTIFICACION FIFA Quality Concept, ASTM,DIN, Trace, SGS; PUNTADAS X M2 9.450 , Peso del hilo 2.080 , Peso Total 3180g/sqm ±100g, Incluye los rellenos de arena silice y caucho granulado certificado por laboratorio avalado por la FIFA.de no toxicidad. | C20: m2 | D20: 1943
F21: $
D22: ADMINISTRACION | E22: 0.19 | F22: $
D23: IMPREVISTO | E23: 0.03 | F23: $
D24: UTILIDAD | E24: 0.05 | F24: $
D25: SUBTOTAL INDIRECTOS | F25: $
D26: IVA 19% Sobre Utilidad (5%) | F26: $
D27: TOTAL PROYECTO | F27: $
B29: NOMBRE Y FIRMA DEL REP. LEGAL Número de identificación

Sheet F.Prestacional
A1: Oculte esta columna | F1: Vr. Presup | G1: #REF! | J1: Cuadrillas | K1: Inicio
B4: CONSORCIO SALUD SOGAMOSO | E4: SALARIOS Y PRESTACIONES SOCIALES
B6: REPOSICION DE LA INFRAESTRUCTURA FISICA DE SALUD SOGAMOSO ESE, SEDE MAGDALENA DE SOGAMOSO, BOYACA. | G6: FECHA: | H6: 45138
G7: PLIEGO: | H7: 0
F8: 8949 | H8: =23896-F8 -> 14947
A9: TRABAJ | B9: 1750905 | C9: S.M.M.L.V. | D9: NOMBRE DEL CARGO | E9: AYUDANTE | G9: OFICIAL | I9: PROFESIONAL DE CAMPO
A10: SALBAS | B10: 249095 | C10: S. Tr. | D10: Salario Base Mes ==> | E10: =B9 -> 1750905 | G10: 1517401 | I10: 3416666
B11: 18 | C11: Fest. Sem. | D11: Salario Anual ==> | E11: =(E10/30) * 365 -> 21302678 | G11: =(G10/30) * 365 -> 18461712 | I11: =(I10/30) * 365 -> 41569436
B12: F. PRESTAC. | D12: Horas Efect. trabaj. Año | E12: =E52 -> 2128 | G12: =G52 -> 2128 | I12: =365*8 -> 2920
A13: VRHORA | B13: =" " & G46 & " y " & J18 -> 1,6845 y 1,44 | D13: Vr. Hora Hábil + PS ==> | E13: =+ROUND(E11*$G$18/E12,0) -> 16863 | G13: =ROUND(G11*G18/G12,0) -> 14614 | I13: =+ROUND(I11*J18/I12,0) -> 20500
F15: TRABAJADORES DE CAMPO
B17: CALCULO DEL FACTOR PRESTACIONAL | F17: <2 SMMLV | I17: >2 SMMLV
B18: SALARIO | C18: BASE | D18: FÓRMULA | F18: VALOR | G18: =ROUND(SUM(G22:G45),4) -> 1.6845 | I18: VALOR | J18: =ROUND(SUM(J22:J45),2) -> 1.44
B19: Salario mensual | C19: A | D19: A | F19: =E10 -> 1750905 | I19: =ROUNDUP(F19*2,-3) -> 3502000
B20: Subsidio de transporte mensual (1) | C20: B | D20: El de ley | F20: =+IF(F19<=2*$B$9,$B$10,0) -> 249095 | I20: =+IF(I19<=2*$B$9,$B$10,0) -> 0
B21: Salario anual (365 días) | C21: C | D21: (A / 30)*365 | F21: =+(365*F19)/30 -> 21302678 | G21: 1 | I21: =+(365*I19)/30 -> 42607667 | J21: 1
B22: Salario anual con subsidio de transporte | C22: D | D22: C+(B/30)*(365-festivos-3) | F22: =+F21+(F20/30)*(365-$B$11-3) -> 24158967 | G22: =+F22/F$21 -> 1.1340812 | I22: =+I21+(I20/30)*(365-$B$11-3) -> 42607667 | J22: =+I22/I$21 -> 1
B24: PRESTACIONES
B25: Cesantía anual | D25: (D / 365) * 30 | F25: =+F22*30/365 -> 1985668.5 | G25: =+F25/F$21 -> 0.093212156 | I25: =+I22*30/365 -> 3502000 | J25: =+I25/I$21 -> 0.082191781
B26: Intereses de cesantía | D26: 12% Cesantías | F26: =0.12*F25 -> 238280.22 | G26: =+F26/F$21 -> 0.011185459 | I26: =0.12*I25 -> 420240 | J26: =+I26/I$21 -> 0.0098630137
B27: Vacaciones - 15 días | D27: 0,5 * A | F27: =0.5*F19 -> 875452.5 | G27: =+F27/F$21 -> 0.04109589 | I27: =0.5*I19 -> 1751000 | J27: =+I27/I$21 -> 0.04109589
B28: Prima - 30 días | D28: 1 *(A+B) | F28: =+F19+F20 -> 2000000 | G28: =+F28/F$21 -> 0.093884912 | I28: =+I19+I20 -> 3502000 | J28: =+I28/I$21 -> 0.082191781
B30: OTROS COSTOS
B31: Dotación y Seg Industrial | F31: 1201306.4 | G31: =+F31/F$21 -> 0.056392271 | J31: =+I31/I$21 -> 0
B33: SEGURIDAD SOCIAL
B34: Pensiones | D34: 12% * C | F34: =+F$21*0.12 -> 2556321.3 | G34: =+F34/F$21 -> 0.12 | I34: =+I$21*0.12 -> 5112920 | J34: =+I34/I$21 -> 0.12
B35: Medicina familiar | D35: EXCEPCION. Ley 1607/2012 | F35: 0 | G35: =+F35/F$21 -> 0 | I35: 0 | J35: =+I35/I$21 -> 0
B36: Riesgos profesionales (2) | D36: 6,96% * C (Campo) 0,522% * C (oficina) | F36: =0.0696*F21 -> 1482666.4 | G36: =+F36/F$21 -> 0.0696 | I36: =0.0696*I21 -> 2965493.6 | J36: =+I36/I$21 -> 0.0696
B38: APORTES SENA
B39: Aporte ordinario | D39: EXCEPCION. Ley 1607/2012 | F39: 0 | G39: =+F39/F$21 -> 0 | I39: 0 | J39: =+I39/I$21 -> 0
B40: Fondo I. de la construcción (3) | D40: C*(1 SMLM/40)/Salario mes en estudio | F40: =+F$21*($B$9/40)/F19 -> 532566.94 | G40: =+F40/F$21 -> 0.025 | I40: 0 | J40: =+I40/I$21 -> 0
B42: OTROS APORTES
B43: I.C.B.F. | D43: EXCEPCION. Ley 1607/2012 | F43: 0 | G43: =+F43/F$21 -> 0 | I43: 0 | J43: =+I43/I$21 -> 0
B44: Subsidio familiar | D44: 4,00% C | F44: =+F$21*0.04 -> 852107.1 | G44: =+F44/F$21 -> 0.04 | I44: =+I$21*0.04 -> 1704306.7 | J44: =+I44/I$21 -> 0.04
B46: VALOR SALARIO MAS PRESTACIONES | C46: E | F46: =SUM(F22:F45) -> 35883336 | G46: =ROUND(SUM(G22:G45),4) -> 1.6845 | I46: =SUM(I22:I45) -> 61565627 | J46: =ROUND(SUM(J22:J45),2) -> 1.44
B50: HORAS EFECTIVAS TRABAJADAS AL AÑO | E50: AYUDANTE | G50: OFICIAL
B51: Días de permiso al año | E51: 3 | G51: 3
B52: Horas Efectivas Laboradas Año | D52: [365 días - (52 domingos + 52/2 sabados + festivos + 15 permisos) ] * 8 horas | E52: =(365-(52+52/2+$B$11+E51))*8 -> 2128 | G52: =(365-(52+52/2+$B$11+G51))*8 -> 2128
B54: NOTAS:
B55: 1. El subsidio de transporte y dotación se pagan hasta sueldos de 2 salarios mínimos y a los funcionarios que, como prevención, lo requieran.
B56: 2. El porcentaje para la ARP depende de si los trabajadores son de campo (6,96%) o de oficina (0,522%)
B57: 3. El personal técnico y administrativo no tiene sobrecosto por días no laborados.
B58: 4. La Ley 1607/2012 exonera del pago de ICBF, SENA y Aporte del empleador en SALUD a empresas con más de 2 empleados en la nómina.
B59: 5. El aporte al Fondo para la Industria de la Construcción FIC es 1 salario mínimo por cada 40 trabajadores
B62: CUADRILLAS
A63: CODIGO | B63: DESCRIPCION | E63: UNIDAD | F63: Cuadrilla Albañilería | G63: % Respecto Albañilería | H63: VR. CUAD. PRESUP. | I63: VR. CUAD. BD | J63: DIF | K63: Num Trabaj/Cuadrilla | M63: DIF
A64: 201005 | B64: ARQUITECTO | E64: HH | F64: =+I13 -> 20500 | G64: 1 | H64: =+ROUND(F64*G64,0) -> 20500 | I64: 21497 | J64: =+I64-H64 -> 997 | K64: 1
A65: 201000 | B65: AUXILIAR OFICIOS VARIOS DIURNO | E65: HRS | F65: =+E13 -> 16863 | G65: 1 | H65: =+ROUND(F65*G65,0) -> 16863 | I65: 9611 | J65: =+I65-H65 -> -7252 | K65: 1
A66: 201001 | B66: AUXILIAR OFICIOS VARIOS NOCTURNO | E66: HRS | F66: =+E13 -> 16863 | G66: 1.1999 | H66: =+ROUND(F66*G66,0) -> 20234 | I66: 11532 | J66: =+I66-H66 -> -8702 | K66: 1
A67: 201008 | B67: DIBUJANTE ARQUITECTURA-INGENIERIA | E67: HC | F67: =+E13 -> 16863 | G67: 3.0999 | H67: =+ROUND(F67*G67,0) -> 52274 | I67: 29793 | J67: =+I67-H67 -> -22481 | K67: 1
A68: 201006 | B68: INGENIERO CIVIL | E68: HH | F68: =+I13 -> 20500 | G68: 1 | H68: =+ROUND(F68*G68,0) -> 20500 | I68: 21497 | J68: =+I68-H68 -> 997 | K68: 1
A69: 201007 | B69: INGENIERO DE SUELOS | E69: HH | F69: =+I13 -> 20500 | G69: 1 | H69: =+ROUND(F69*G69,0) -> 20500 | I69: 21497 | J69: =+I69-H69 -> 997 | K69: 1
A70: 200002 | B70: INGENIERO ELECTRICO | E70: HC | F70: =+I13 -> 20500 | G70: 4.2801 | H70: =+ROUND(F70*G70,0) -> 87742 | I70: 92009 | J70: =+I70-H70 -> 4267 | K70: 1
A71: 200004 | B71: M.O. ALB. ACABADOS 1 AYUDANTE-1 OFI | E71: HC | F71: =+E13+G13 -> 31477 | G71: 1.12513 | H71: =+ROUND(F71*G71,0) -> 35416 | I71: 27223 | J71: =+I71-H71 -> -8193 | K71: 2
A72: 200005 | B72: M.O. ALB.ACABADOS 2 AYUDANTE-1 OFI | E72: HC | F72: =2*E13+G13 -> 48340 | G72: 1.091 | H72: =+ROUND(F72*G72,0) -> 52739 | I72: 36882 | J72: =+I72-H72 -> -15857 | K72: 3
A73: 200006 | B73: M.O. ALBANILERIA 1 AYUDANTE | E73: HC | F73: =E13 -> 16863 | G73: 1 | H73: =+ROUND(F73*G73,0) -> 16863 | I73: 9611 | J73: =+I73-H73 -> -7252 | K73: 1
A74: 200007 | B74: M.O. ALBANILERIA 1 AYUDANTE-1 OFI | E74: HC | F74: =+E13+G13 -> 31477 | G74: 1 | H74: =+ROUND(F74*G74,0) -> 31477 | I74: 24195 | J74: =+I74-H74 -> -7282 | K74: 2
A75: 200008 | B75: M.O. ALBANILERIA 2 AYUDANTE | E75: HC | F75: =2*E13 -> 33726 | G75: 1 | H75: =+ROUND(F75*G75,0) -> 33726 | I75: 19222 | J75: =+I75-H75 -> -14504 | K75: 2
A76: 200009 | B76: M.O. ALBANILERIA 2 AYUDANTE-1 OFI | E76: HC | F76: =2*E13+G13 -> 48340 | G76: 1 | H76: =+ROUND(F76*G76,0) -> 48340 | I76: 33806 | J76: =+I76-H76 -> -14534 | K76: 3
A77: 200010 | B77: M.O. ALBANILERIA 3 AYUDANTE | E77: HC | F77: =3*E13 -> 50589 | G77: 1 | H77: =+ROUND(F77*G77,0) -> 50589 | I77: 28833 | J77: =+I77-H77 -> -21756 | K77: 3
A78: 200011 | B78: M.O. ALBANILERIA 3 AYUDANTE-1 OIF | E78: HC | F78: =3*E13+G13 -> 65203 | G78: 1 | H78: =+ROUND(F78*G78,0) -> 65203 | I78: 43417 | J78: =+I78-H78 -> -21786 | K78: 4
A79: 207000 | B79: M.O. ALBANILERIA 4 AYUDANTE | E79: HC | F79: =4*E13 -> 67452 | G79: 1 | H79: =+ROUND(F79*G79,0) -> 67452 | I79: 38444 | J79: =+I79-H79 -> -29008 | K79: 4
A80: 200012 | B80: M.O. ALBANILERIA 4 AYUDANTE-1 OFI | E80: HC | F80: =4*E13+G13 -> 82066 | G80: 1 | H80: =+ROUND(F80*G80,0) -> 82066 | I80: 53028 | J80: =+I80-H80 -> -29038 | K80: 5
A81: 200013 | B81: M.O. ALBANILERIA 5 AYUDANTE-1 OFI | E81: HC | F81: =5*E13+G13 -> 98929 | G81: 1 | H81: =+ROUND(F81*G81,0) -> 98929 | I81: 62639 | J81: =+I81-H81 -> -36290 | K81: 6
A82: 219007 | B82: M.O. ALBANILERIA 5 AYUDANTES | E82: HC | F82: =AyudanteHR*5 -> 84315 | G82: 1 | H82: =+ROUND(F82*G82,0) -> 84315 | I82: 48055 | J82: =+I82-H82 -> -36260 | K82: 5
A83: 200100 | B83: M.O. ALBAÑILERIA 1 OFICIAL | E83: HC | F83: =G13 -> 14614 | G83: 1 | H83: =+ROUND(F83*G83,0) -> 14614 | I83: 14584 | J83: =+I83-H83 -> -30 | K83: 1
A84: 200029 | B84: M.O. CARP.ALUMINIO 1 AYUDANTE-1 OFI | E84: HC | F84: =+E13+G13 -> 31477 | G84: 1 | H84: =+ROUND(F84*G84,0) -> 31477 | I84: 24195 | J84: =+I84-H84 -> -7282 | K84: 2
A85: 200015 | B85: M.O. CARP.MADERA 1 AYUDANTE-1 OFI | E85: HC | F85: =+E13+G13 -> 31477 | G85: 1.12512 | H85: =+ROUND(F85*G85,0) -> 35415 | I85: 27222 | J85: =+I85-H85 -> -8193 | K85: 2
A86: 200033 | B86: M.O. CARP.MADERA CEPILLADO-CANTEADO | E86: HC | F86: =2*E13+G13 -> 48340 | G86: 1.36468 | H86: =ROUND(F86*G86,0) -> 65969 | I86: 46134 | J86: =+I86-H86 -> -19835 | K86: 3
A87: 200016 | B87: M.O. CARP.POLIVIN. 1 AYUDANTE-1 OFI | E87: HC | F87: =+E13+G13 -> 31477 | G87: 1.4751 | H87: =ROUND(F87*G87,0) -> 46432 | I87: 35690 | J87: =+I87-H87 -> -10742 | K87: 2
A88: 200017 | B88: M.O. CARP.TALLER 1 AYUDANTE-1 OFI | E88: HC | F88: =+E13+G13 -> 31477 | G88: 1.06258 | H88: =ROUND(F88*G88,0) -> 33447 | I88: 25709 | J88: =+I88-H88 -> -7738 | K88: 2
A89: 200030 | B89: M.O. CARP.TALLER 2 AYUDANTE-1 OFI | E89: HRS | F89: =2*E13+G13 -> 48340 | G89: 1.27365 | H89: =ROUND(F89*G89,0) -> 61568 | I89: 43057 | J89: =+I89-H89 -> -18511 | K89: 3
A90: 200018 | B90: M.O. ELECTRICAS 1 AYUDANTE-1 OFI | E90: HC | F90: =+E13+G13 -> 31477 | G90: 1.40004 | H90: =ROUND(F90*G90,0) -> 44069 | I90: 33874 | J90: =+I90-H90 -> -10195 | K90: 2
A91: 200019 | B91: M.O. ELECTRICAS 2 AYUDANTE-1 OFI | E91: HC | F91: =2*E13+G13 -> 48340 | G91: 1.38651 | H91: =ROUND(F91*G91,0) -> 67024 | I91: 46872 | J91: =+I91-H91 -> -20152 | K91: 3
A92: 200022 | B92: M.O. ELECTRICAS 3 AYUD-1 OFI-1 PROF | E92: HC | F92: =3*E13+G13+I13 -> 85703 | G92: 1.6865 | H92: =ROUND(F92*G92,0) -> 144538 | I92: 109477 | J92: =+I92-H92 -> -35061 | K92: 5
A93: 200021 | B93: M.O. HIDROSANIT. 1 AYUDANTE-1 OFI | E93: HC | F93: =+E13+G13 -> 31477 | G93: 1.06256 | H93: =ROUND(F93*G93,0) -> 33446 | I93: 25709 | J93: =+I93-H93 -> -7737 | K93: 2
A94: 200020 | B94: M.O. HIDROSANIT. 2 AYUDANTE - 1 OFIC. | E94: HC | F94: =2*E13+G13 -> 48340 | G94: 1.06827 | H94: =ROUND(F94*G94,0) -> 51640 | I94: 36114 | J94: =+I94-H94 -> -15526 | K94: 3
A95: 207003 | B95: M.O. INSTAL.HIDR. 1 AYUDANTE-1 OFIC | E95: HC | F95: =1*E13+1*G13 -> 31477 | G95: 1.09382 | H95: =ROUND(F95*G95,0) -> 34430 | I95: 26465 | J95: =+I95-H95 -> -7965 | K95: 2
A96: 200023 | B96: M.O. METALISTERIA 1 AYUDANTE-1 OFI | E96: HC | F96: =+E13+G13 -> 31477 | G96: 1.2 | H96: =ROUND(F96*G96,0) -> 37772 | I96: 29034 | J96: =+I96-H96 -> -8738 | K96: 2
A97: 200024 | B97: M.O. METALISTERIA 2 AYUDANTE-1 OFI | E97: HC | F97: =2*E13+G13 -> 48340 | G97: 1.25 | H97: =ROUND(F97*G97,0) -> 60425 | I97: 42258 | J97: =+I97-H97 -> -18167 | K97: 3
A98: 200026 | B98: M.O. PINTURA 1 AYUDANTE-1 OFI | E98: HC | F98: =+E13+G13 -> 31477 | G98: 1.06256 | H98: =ROUND(F98*G98,0) -> 33446 | I98: 25709 | J98: =+I98-H98 -> -7737 | K98: 2
A99: 200025 | B99: M.O. PINTURA 1 OFI | E99: HC | F99: =+G13 -> 14614 | G99: 1.00007 | H99: =ROUND(F99*G99,0) -> 14615 | I99: 14585 | J99: =+I99-H99 -> -30 | K99: 1
A100: 200032 | B100: M.O. PINTURA 2 AYUDANTES - 1 OF | E100: HC | F100: =2*E13+G13 -> 48340 | G100: 1.04548 | H100: =ROUND(F100*G100,0) -> 50539 | I100: 35343 | J100: =+I100-H100 -> -15196 | K100: 3
A101: 200027 | B101: M.O. TOPOGRAFIA 1 CADENERO-1 TOP | E101: HC | F101: =+I13+E13 -> 37363 | G101: 2.24686 | H101: =ROUND(F101*G101,0) -> 83949 | I101: 69895 | J101: =+I101-H101 -> -14054 | K101: 2
A102: 200028 | B102: M.O. TOPOGRAFIA 2 CADENERO-1 TOP | E102: HC | F102: =2*E13+I13 -> 54226 | G102: 2.10143 | H102: =ROUND(F102*G102,0) -> 113952 | I102: 85568 | J102: =+I102-H102 -> -28384 | K102: 3
A103: 207200 | B103: MANO DE OBRA REFRIGERACION 1 AYUDANTE | E103: HC | F103: =AyudanteHR -> 16863 | G103: 3.03498 | H103: =ROUND(F103*G103,0) -> 51179 | I103: 29169 | J103: =+I103-H103 -> -22010 | K103: 1
A104: 207500 | B104: MANO OBRA OFICIAL ALBANILERIA | E104: HRS | F104: =AyudanteHR -> 16863 | G104: 1.00145 | H104: =ROUND(F104*G104,0) -> 16887 | I104: 9625 | J104: =+I104-H104 -> -7262 | K104: 1
A105: 207501 | B105: MANO OBRA PANELERIA 1 OFICIAL-1AYUDANTE | E105: HC | F105: =AyudanteHR+OficialHR -> 31477 | G105: 1 | H105: =ROUND(F105*G105,0) -> 31477 | I105: 24195 | J105: =+I105-H105 -> -7282 | K105: 2
A106: 207104 | B106: SUBCONTRATO CARPINTERIA ALUMINIO | E106: GLB | H106: 10000 | I106: 10000 | J106: =+I106-H106 -> 0
A107: 207102 | B107: SUBCONTRATO CARPINTERIA METALICA | E107: GLB | H107: 10000 | I107: 10000 | J107: =+I107-H107 -> 0
A108: 207103 | B108: SUBCONTRATO CARPINTERIA PANELERIA | E108: GLB | H108: 10000 | I108: 10000 | J108: =+I108-H108 -> 0
A109: 207101 | B109: SUBCONTRATO CARPINTERIA POLIVINILICO | E109: GLB | H109: 10000 | I109: 10000 | J109: =+I109-H109 -> 0
A110: 207600 | B110: SUBCONTRATO ELABORACION DE DUCTOS - DUCTEROS | E110: GLB | H110: 10000 | I110: 10000 | J110: =+I110-H110 -> 0
A111: 207105 | B111: SUBCONTRATO IMPERMEABILIZACIONES | E111: GLB | H111: 10000 | I111: 10000 | J111: =+I111-H111 -> 0
A113: FINCUAD
B121: PROPONENTE:
B125: FIRMA DEL PROPONENTE:__________________________________________________

Sheet F.Prestacional J
A1: Ocult. Columna (Dobleclic) | E1: Vr. Presup | F1: =[1]PRESUPUESTO!G1 -> #REF! | J1: Cuadrillas | K1: Inicio
B4: =[1]PRESUPUESTO!B7 -> CONSORCIO SALUD SOGAMOSO | E4: SALARIOS Y PRESTACIONES SOCIALES
B6: =[1]PRESUPUESTO!C9 -> REPOSICION DE LA INFRAESTRUCTURA FISICA DE SALUD SOGAMOSO ESE, SEDE MAGDALENA DE SOGAMOSO, BOYACA. | F6: FECHA: | G6: =[1]PRESUPUESTO!G9 -> 45138
F7: PLIEGO: | G7: =[1]PRESUPUESTO!F10 -> 0
A9: SALBAS | D9: Salario Básico Mensual | F9: =F.Prestacional!B9 -> 1750905
A10: SUBSIDIO | D10: Subsidio de Transporte | F10: =F.Prestacional!B10 -> 249095
D11: Días Festivos | F11: =F.Prestacional!B11 -> 18
A12: FACTPRES | D12: Factor Prestacional==> | F12: =ROUND(G36,2) -> 1.68
A13: CAMPOF | B13: DESCRIPCION | D13: CAMPO U OFICINA==> | F13: CAMPO
B14: SALARIO | C14: BASE | D14: FÓRMULA | F14: VALOR | G14: %
A15: SALMES | B15: Salario mensual | C15: A | D15: A | F15: =F9 -> 1750905
B16: Subsidio de transporte mensual (1) | C16: B | D16: El de ley | F16: =+IF(F15<=2*$F$9,$F$10,0) -> 249095
B17: Salario anual (365 días) | C17: C | D17: (365 * A) / 30 | F17: =+(365*F15)/30 -> 21302678 | G17: 1
B18: Salario anual con subsidio de transporte | C18: D | D18: C+(B/30)*(365-festivos-3) | F18: =+F17+(F16/30)*(365-$F$11-3) -> 24158967 | G18: =+F18/F$17 -> 1.1340812
B19: PRESTACIONES
B20: Cesantía anual | D20: D * 30/365 | F20: =+F18*30/365 -> 1985668.5 | G20: =+F20/F$17 -> 0.093212156
B21: Intereses de cesantía | D21: 12% Cesantías | F21: =0.12*F20 -> 238280.22 | G21: =+F21/F$17 -> 0.011185459
B22: Vacaciones - 15 días | D22: 0,5 * A | F22: =0.5*F15 -> 875452.5 | G22: =+F22/F$17 -> 0.04109589
B23: Prima - 30 días | D23: 1 *(A+B) | F23: =+F15+F16 -> 2000000 | G23: =+F23/F$17 -> 0.093884912
B24: OTROS COSTOS
A25: DOTACION | B25: Dotación y Seguridad industrial | F25: 1197207 | G25: =+F25/F$17 -> 0.056199837 | H25: *
B26: SEGURIDAD SOCIAL
B27: Pensiones | D27: 12% * C | F27: =+F$17*0.12 -> 2556321.3 | G27: =+F27/F$17 -> 0.12
B28: Medicina familiar | C28: EXCEPCION. Ley 1607/2012 | F28: 0 | G28: =+F28/F$17 -> 0
B29: Riesgos profesionales (2) | D29: 6,96% * C (Campo) 0,522% * C (oficina) | F29: =+IF(F13="CAMPO",0.0696*F17,0.00522*F17) -> 1482666.4 | G29: =+F29/F$17 -> 0.0696
B30: APORTES SENA
B31: Aporte ordinario | C31: EXCEPCION. Ley 1607/2012 | F31: 0 | G31: =+F31/F$17 -> 0
B32: Fondo I. de la construcción (3) | D32: C*(1 SMLM/40)/Salario mes en estudio | F32: =+F$17*($F$9/40)/F15 -> 532566.94 | G32: =+F32/F$17 -> 0.025
B33: OTROS APORTES
B34: I.C.B.F. | C34: EXCEPCION. Ley 1607/2012 | F34: 0 | G34: =+F34/F$17 -> 0
B35: Subsidio familiar | D35: 4,00% C | F35: =+F$17*0.04 -> 852107.1 | G35: =+F35/F$17 -> 0.04
A36: SALARIO+PREST. | B36: VALOR SALARIO MAS PRESTACIONES | C36: E | F36: =SUM(F18:F35) -> 35879237 | G36: =ROUND(SUM(G18:G35),4) -> 1.6843
B39: CUADRILLAS | J39: B.D. | L39: VALORES BASE DE DATOS
A40: CODIGO | B40: DESCRIPCION | D40: UNIDAD | E40: Jornal | F40: % Prestac. | G40: Jornal + Prestac. | J40: Jornal | K40: % Prestac. | L40: Jornal + Prestac. | M40: DIF | N40: Num Trabaj/Cuadrilla
A41: 201005 | B41: ARQUITECTO | D41: Jornal | E41: =ROUND(F.Prestacional!H64*8/F41,0) -> 97619 | F41: =$F$12 -> 1.68 | G41: =TRUNC(E41*F41,0) -> 163999 | H41: =A41-F.Prestacional!A64 -> 0 | J41: 96471 | K41: 1.7 | L41: 164000 | M41: =+L41-G41 -> 1 | N41: 1
A42: 201000 | B42: AUXILIAR OFICIOS VARIOS DIURNO | D42: Jornal | E42: =ROUND(F.Prestacional!H65*8/F42,0) -> 80300 | F42: =$F$12 -> 1.68 | G42: =TRUNC(E42*F42,0) -> 134904 | H42: =A42-F.Prestacional!A65 -> 0 | J42: 42113 | K42: 1.7 | L42: 71592 | M42: =+L42-G42 -> -63312 | N42: 1
A43: 201001 | B43: AUXILIAR OFICIOS VARIOS NOCTURNO | D43: Jornal | E43: =ROUND(F.Prestacional!H66*8/F43,0) -> 96352 | F43: =$F$12 -> 1.68 | G43: =TRUNC(E43*F43,0) -> 161871 | H43: =A43-F.Prestacional!A66 -> 0 | J43: 50532 | K43: 1.7 | L43: 85904 | M43: =+L43-G43 -> -75967 | N43: 1
A44: 201008 | B44: DIBUJANTE ARQUITECTURA-INGENIERIA | D44: Jornal | E44: =ROUND(F.Prestacional!H67*8/F44,0) -> 248924 | F44: =$F$12 -> 1.68 | G44: =TRUNC(E44*F44,0) -> 418192 | H44: =A44-F.Prestacional!A67 -> 0 | J44: 130546 | K44: 1.7 | L44: 221928 | M44: =+L44-G44 -> -196264 | N44: 1
A45: 201006 | B45: INGENIERO CIVIL | D45: Jornal | E45: =ROUND(F.Prestacional!H68*8/F45,0) -> 97619 | F45: =$F$12 -> 1.68 | G45: =TRUNC(E45*F45,0) -> 163999 | H45: =A45-F.Prestacional!A68 -> 0 | J45: 96471 | K45: 1.7 | L45: 164000 | M45: =+L45-G45 -> 1 | N45: 1
A46: 201007 | B46: INGENIERO DE SUELOS | D46: Jornal | E46: =ROUND(F.Prestacional!H69*8/F46,0) -> 97619 | F46: =$F$12 -> 1.68 | G46: =TRUNC(E46*F46,0) -> 163999 | H46: =A46-F.Prestacional!A69 -> 0 | J46: 96471 | K46: 1.7 | L46: 164000 | M46: =+L46-G46 -> 1 | N46: 1
A47: 200002 | B47: INGENIERO ELECTRICO | D47: Jornal | E47: =ROUND(F.Prestacional!H70*8/F47,0) -> 417819 | F47: =$F$12 -> 1.68 | G47: =TRUNC(E47*F47,0) -> 701935 | H47: =A47-F.Prestacional!A70 -> 0 | J47: 412904 | K47: 1.7 | L47: 701936 | M47: =+L47-G47 -> 1 | N47: 1
A48: 200004 | B48: M.O. ALB. ACABADOS 1 AYUDANTE-1 OFI | D48: Jornal | E48: =ROUND(F.Prestacional!H71*8/F48,0) -> 168648 | F48: =$F$12 -> 1.68 | G48: =TRUNC(E48*F48,0) -> 283328 | H48: =A48-F.Prestacional!A71 -> 0 | J48: 126522 | K48: 1.7 | L48: 215087 | M48: =+L48-G48 -> -68241 | N48: 2
A49: 200005 | B49: M.O. ALB.ACABADOS 2 AYUDANTE-1 OFI | D49: Jornal | E49: =ROUND(F.Prestacional!H72*8/F49,0) -> 251138 | F49: =$F$12 -> 1.68 | G49: =TRUNC(E49*F49,0) -> 421911 | H49: =A49-F.Prestacional!A72 -> 0 | J49: 168631 | K49: 1.7 | L49: 286672 | M49: =+L49-G49 -> -135239 | N49: 3
A50: 200006 | B50: M.O. ALBANILERIA 1 AYUDANTE | D50: Jornal | E50: =ROUND(F.Prestacional!H73*8/F50,0) -> 80300 | F50: =$F$12 -> 1.68 | G50: =TRUNC(E50*F50,0) -> 134904 | H50: =A50-F.Prestacional!A73 -> 0 | J50: 42113 | K50: 1.7 | L50: 71592 | M50: =+L50-G50 -> -63312 | N50: 1
A51: 200007 | B51: M.O. ALBANILERIA 1 AYUDANTE-1 OFI | D51: Jornal | E51: =ROUND(F.Prestacional!H74*8/F51,0) -> 149890 | F51: =$F$12 -> 1.68 | G51: =TRUNC(E51*F51,0) -> 251815 | H51: =A51-F.Prestacional!A74 -> 0 | J51: 112452 | K51: 1.7 | L51: 191168 | M51: =+L51-G51 -> -60647 | N51: 2
A52: 200008 | B52: M.O. ALBANILERIA 2 AYUDANTE | D52: Jornal | E52: =ROUND(F.Prestacional!H75*8/F52,0) -> 160600 | F52: =$F$12 -> 1.68 | G52: =TRUNC(E52*F52,0) -> 269808 | H52: =A52-F.Prestacional!A75 -> 0 | J52: 84226 | K52: 1.7 | L52: 143184 | M52: =+L52-G52 -> -126624 | N52: 2
... A58: 200013 | B58: M.O. ALBANILERIA 5 AYUDANTE-1 OFI | D58: Jornal | E58: =ROUND(F.Prestacional!H81*8/F58,0) -> 471090 | F58: =$F$12 -> 1.68 | G58: =TRUNC(E58*F58,0) -> 791431 | H58: =A58-F.Prestacional!A81 -> 0 | J58: 280904 | K58: 1.7 | L58: 477536 | M58: =+L58-G58 -> -313895 | N58: 6
A59: 200100 | B59: M.O. ALBAÑILERIA 1 OFICIAL | D59: Jornal | E59: =ROUND(F.Prestacional!H83*8/F59,0) -> 69590 | F59: =$F$12 -> 1.68 | G59: =TRUNC(E59*F59,0) -> 116911 | H59: =A59-F.Prestacional!A83 -> 0 | J59: 70339 | K59: 1.7 | L59: 119576 | M59: =+L59-G59 -> 2665 | N59: 1
A60: 200029 | B60: M.O. CARP.ALUMINIO 1 AYUDANTE-1 OFI | D60: Jornal | E60: =ROUND(F.Prestacional!H84*8/F60,0) -> 149890 | F60: =$F$12 -> 1.68 | G60: =TRUNC(E60*F60,0) -> 251815 | H60: =A60-F.Prestacional!A84 -> 0 | J60: 112452 | K60: 1.7 | L60: 191168 | M60: =+L60-G60 -> -60647 | N60: 2
A61: 200015 | B61: M.O. CARP.MADERA 1 AYUDANTE-1 OFI | D61: Jornal | E61: =ROUND(F.Prestacional!H85*8/F61,0) -> 168643 | F61: =$F$12 -> 1.68 | G61: =TRUNC(E61*F61,0) -> 283320 | H61: =A61-F.Prestacional!A85 -> 0 | J61: 126522 | K61: 1.7 | L61: 215087 | M61: =+L61-G61 -> -68233 | N61: 2
A62: 200033 | B62: M.O. CARP.MADERA CEPILLADO-CANTEADO | D62: Jornal | E62: =ROUND(F.Prestacional!H86*8/F62,0) -> 314138 | F62: =$F$12 -> 1.68 | G62: =TRUNC(E62*F62,0) -> 527751 | H62: =A62-F.Prestacional!A86 -> 0 | J62: 210932 | K62: 1.7 | L62: 358584 | M62: =+L62-G62 -> -169167 | N62: 2
A63: 200016 | B63: M.O. CARP.POLIVIN. 1 AYUDANTE-1 OFI | D63: Jornal | E63: =ROUND(F.Prestacional!H87*8/F63,0) -> 221105 | F63: =$F$12 -> 1.68 | G63: =TRUNC(E63*F63,0) -> 371456 | H63: =A63-F.Prestacional!A87 -> 0 | J63: 165878 | K63: 1.7 | L63: 281992 | M63: =+L63-G63 -> -89464 | N63: 2
A64: 200017 | B64: M.O. CARP.TALLER 1 AYUDANTE-1 OFI | D64: Jornal | E64: =ROUND(F.Prestacional!H88*8/F64,0) -> 159271 | F64: =$F$12 -> 1.68 | G64: =TRUNC(E64*F64,0) -> 267575 | H64: =A64-F.Prestacional!A88 -> 0 | J64: 119487 | K64: 1.7 | L64: 203127 | M64: =+L64-G64 -> -64448 | N64: 2
A65: 200030 | B65: M.O. CARP.TALLER 2 AYUDANTE-1 OFI | D65: Jornal | E65: =ROUND(F.Prestacional!H89*8/F65,0) -> 293181 | F65: =$F$12 -> 1.68 | G65: =TRUNC(E65*F65,0) -> 492544 | H65: =A65-F.Prestacional!A89 -> 0 | J65: 196861 | K65: 1.7 | L65: 334663 | M65: =+L65-G65 -> -157881 | N65: 3
A66: 200018 | B66: M.O. ELECTRICAS 1 AYUDANTE-1 OFI | D66: Jornal | E66: =ROUND(F.Prestacional!H90*8/F66,0) -> 209852 | F66: =$F$12 -> 1.68 | G66: =TRUNC(E66*F66,0) -> 352551 | H66: =A66-F.Prestacional!A90 -> 0 | J66: 157435 | K66: 1.7 | L66: 267639 | M66: =+L66-G66 -> -84912 | N66: 2
A67: 200019 | B67: M.O. ELECTRICAS 2 AYUDANTE-1 OFI | D67: Jornal | E67: =ROUND(F.Prestacional!H91*8/F67,0) -> 319162 | F67: =$F$12 -> 1.68 | G67: =TRUNC(E67*F67,0) -> 536192 | H67: =A67-F.Prestacional!A91 -> 0 | J67: 214306 | K67: 1.7 | L67: 364320 | M67: =+L67-G67 -> -171872 | N67: 3
A68: 200022 | B68: M.O. ELECTRICAS 3 AYUD-1 OFI-1 PROF | D68: Jornal | E68: =ROUND(F.Prestacional!H92*8/F68,0) -> 688276 | F68: =$F$12 -> 1.68 | G68: =TRUNC(E68*F68,0) -> 1156303 | H68: =A68-F.Prestacional!A92 -> 0 | J68: 494395 | K68: 1.7 | L68: 840471 | M68: =+L68-G68 -> -315832 | N68: 5
A69: 200021 | B69: M.O. HIDROSANIT. 1 AYUDANTE-1 OFI | D69: Jornal | E69: =ROUND(F.Prestacional!H93*8/F69,0) -> 159267 | F69: =$F$12 -> 1.68 | G69: =TRUNC(E69*F69,0) -> 267568 | H69: =A69-F.Prestacional!A93 -> 0 | J69: 119487 | K69: 1.7 | L69: 203127 | M69: =+L69-G69 -> -64441 | N69: 2
A70: 200020 | B70: M.O. HIDROSANIT. 2 AYUDANTE - 1 OFIC. | D70: Jornal | E70: =ROUND(F.Prestacional!H94*8/F70,0) -> 245905 | F70: =$F$12 -> 1.68 | G70: =TRUNC(E70*F70,0) -> 413120 | H70: =A70-F.Prestacional!A94 -> 0 | J70: 165115 | K70: 1.7 | L70: 280695 | M70: =+L70-G70 -> -132425 | N70: 3
... A78: 200028 | B78: M.O. TOPOGRAFIA 2 CADENERO-1 TOP | D78: Jornal | E78: =ROUND(F.Prestacional!H102*8/F78,0) -> 542629 | F78: =$F$12 -> 1.68 | G78: =TRUNC(E78*F78,0) -> 911616 | H78: =A78-F.Prestacional!A102 -> 0 | J78: 379722 | K78: 1.7 | L78: 645527 | M78: =+L78-G78 -> -266089 | N78: 3
A79: 207200 | B79: MANO DE OBRA REFRIGERACION 1 AYUDANTE | D79: Jornal | E79: =ROUND(F.Prestacional!H103*8/F79,0) -> 243710 | F79: =$F$12 -> 1.68 | G79: =TRUNC(E79*F79,0) -> 409432 | J79: 127812 | K79: 1.7 | L79: 217280 | M79: =+L79-G79 -> -192152 | N79: 1
A80: 207500 | B80: MANO OBRA OFICIAL ALBANILERIA | D80: Jornal | E80: =ROUND(F.Prestacional!H104*8/F80,0) -> 80414 | F80: =$F$12 -> 1.68 | G80: =TRUNC(E80*F80,0) -> 135095 | J80: 42174 | K80: 1.7 | L80: 71695 | M80: =+L80-G80 -> -63400 | N80: 1
A81: 207501 | B81: MANO OBRA PANELERIA 1 OFICIAL-1AYUDANTE | D81: Jornal | E81: =ROUND(F.Prestacional!H105*8/F81,0) -> 149890 | F81: =$F$12 -> 1.68 | G81: =TRUNC(E81*F81,0) -> 251815 | J81: 112452 | K81: 1.7 | L81: 191168 | M81: =+L81-G81 -> -60647 | N81: 2
A82: 207104 | B82: SUBCONTRATO CARPINTERIA ALUMINIO | D82: GLB | G82: 10000
A83: 207102 | B83: SUBCONTRATO CARPINTERIA METALICA | D83: GLB | G83: 10000
A84: 207103 | B84: SUBCONTRATO CARPINTERIA PANELERIA | D84: GLB | G84: 10000
A85: 207101 | B85: SUBCONTRATO CARPINTERIA POLIVINILICO | D85: GLB | G85: 10000
A86: 207105 | B86: SUBCONTRATO IMPERMEABILIZACIONES | D86: GLB | G86: 10000
A88: FINCUAD
B95: __________________________________________________
B96: PROPONENTE
